 Dungeon Crawl Stone Soup version 0.29.1-15-g9cfb28693d (webtiles) character file.

Game seed: 11348149600427998570

2459 kingofthe the Thaumaturge (level 9, -1/45 HPs)
             Began as a Deep Elf Conjurer on Mar 5, 2023.
             Was a Believer of Sif Muna.
             Slain by a vampire
             ... wielding a +0 vampiric halberd
              (18 damage)
             ... in a bailey on Mar 6, 2023.
             The game lasted 00:28:38 (7940 turns).

kingofthe the Thaumaturge (Deep Elf Conjurer)       Turns: 7940, Time: 00:28:38

Health: -1/45      AC:  9    Str:  6    XL:     9   Next: 26%
Magic:  9/24       EV: 18    Int: 24    God:    Sif Muna [**....]
Gold:   356        SH:  0    Dex: 21    Spells: 14/26 levels left

rFire   . . .      SeeInvis .   F - +1 dagger (holy)
rCold   + . .      Faith    .   (no shield)
rNeg    . . .      Spirit   .   s - +2 leather armour {rC+}
rPois   .          Reflect  .   e - +2 hat
rElec   .          Harm     .   (no cloak)
rCorr   .          Rampage  .   y - +1 pair of gloves
Will    .....                   (no boots)
Stlth   +++.......              v - amulet of regeneration
HPRegen 0.95/turn               E - +4 ring of evasion
MPRegen 0.19/turn               D - +6 ring of dexterity

@: no status effects
A: no striking features
a: Renounce Religion, Channel Magic


You were in a bailey.
You worshipped Sif Muna.
Sif Muna was pleased with you.
You visited 2 branches of the dungeon, and saw 8 of its levels.
You also visited: Bailey.

You collected 378 gold pieces.
You spent 22 gold pieces at shops.


   Skills:
 * Level 4.9 Dodging
 + Level 4.1 Stealth
 + Level 9.0 Spellcasting
 + Level 8.3 Conjurations
 + Level 7.6 Hexes
 * Level 2.6 Translocations
 * Level 3.2 Poison Magic


You had 14 spell levels left.
You knew the following spells:

 Your Spells              Type           Power      Damage    Failure   Level
a - Magic Dart            Conj           100%       1d8       1%          1
b - Searing Ray           Conj           100%       2d8       1%          2
c - Fulminant Prism       Conj/Hex       24%        3d13      3%          4
d - Poisonous Vapours     Pois/Air       36%        N/A       7%          2
e - Blink                 Tloc           46%        N/A       4%          2
y - Apportation           Tloc           46%        N/A       3%          1

Your spell library contained the following spells:

 Spells                   Type           Power      Damage    Failure   Level
 Dazzling Flash           Conj/Hex       98%        N/A       1%          3
 Sting                    Tmut/Pois      72%        1d6       4%          1
 Necrotise                Necr           40%        1d6       9%          1
 Summon Small Mammal      Summ           40%        N/A       9%          1
 Gell's Gravitas          Tloc           23%        N/A       10%         3
 Lesser Beckoning         Tloc           23%        N/A       10%         3
 Teleport Other           Tloc           23%        N/A       10%         3
 Iskenderun's Mystic Bla  Conj/Tloc      37%        2d9       10%         4
 Sublimation of Blood     Necr           10%        N/A       14%         2
 Olgreb's Toxic Radiance  Pois           26%        N/A       24%         4
 Corpse Rot               Necr/Pois/Air  16%        N/A       50%         4
 Summon Forest            Summ/Tloc      8%         N/A       83%         5

Inventory:

Hand Weapons
 q - a +1 dagger of venom
 x - a +0 falchion of flaming
 F - a +1 dagger of holy wrath (weapon)
Armour
 e - a +2 hat (worn)
 k - a +0 helmet
 l - a +0 animal skin
 s - a +2 leather armour of cold resistance (worn)
 y - a +1 pair of gloves (worn)
 H - +0 fire dragon scales
 I - a +3 ring mail of cold resistance
Jewellery
 v - an amulet of regeneration (around neck)
 C - a ring of ice
 D - a +6 ring of dexterity (right hand)
 E - a +4 ring of evasion (left hand)
Wands
 r - a wand of flame (19)
 A - a wand of charming (8)
Scrolls
 a - 2 scrolls of poison
 f - a scroll of enchant armour {unknown}
 h - a scroll of brand weapon
 j - 2 scrolls of fear
 n - a scroll of enchant weapon
 t - 2 scrolls of blinking
 B - a scroll of amnesia {unknown}
Potions
 b - 2 potions of magic
 c - 4 potions of mutation
 d - 2 potions of brilliance
 g - 3 potions of haste {@q3}
 i - 2 potions of flight
 o - 2 potions of heal wounds {@q2}
 p - a potion of curing {@q1}
 u - 2 potions of lignification
 w - 2 potions of attraction
 z - a potion of might {unknown}

Dungeon Overview and Level Annotations

Branches:
Dungeon (7/15)             Temple (1/1) D:6          Bailey (1/1)

Altars:
Ashenzari
Cheibriados
Dithmenos
Elyvilon
Fedhas
Gozag
Hepliaklqana
Makhleb
Nemelex Xobeh
Okawaru
Qazlal
Ru
Sif Muna
Trog
Uskayaw
Vehumet
Xom
Yredelemnul
Zin
The Shining One

Shops:
D:2 ?   D:4 (

Portals:
Abyss: D:5

Annotations:
D:4 3 runed translucent doors, BuddhaDhamma's ghost, novice MiBe
D:5 2 transporters, kingofthe's ghost, novice DECj

▒.♣...♣♣.....▒▒....▒..▒
▒.♣..........▒..).▒▒..▒
+...........▒▒..)▒▒...▒
▒...♣...)♣...▒▒......8▒
##............▒▒....▒▒▒▒▒▒
.....♣♣........▒...▒▒...8▒
........♣.)....▒..▒▒.....
##......♣......▒oo▒...▒
.).......♣♣....▒@g{o.▒
....▒'▒▒.......▒..'..▒
....▒..▒▒▒▒▒..8▒..▒...▒
▒▒▒▒▒).')..▒▒▒▒▒8.▒▒.....[
▒▒▒▒)..▒ ▒▒▒▒ ▒....▒ ▒.÷.▒
▒▒▒▒▒ ▒▒▒▒▒


You could see a friendly orc warrior (summoned), a friendly orc wizard
(summoned), a friendly gnoll (summoned) and a friendly orc (summoned).


Message History

Your +0 falchion of electrocution is engulfed in flames!
x - a +0 falchion of flaming The gargoyle barely misses you.
Something hits you but does no damage. Something barely misses you.
Your orc wizard hits something but does no damage.
Your orc warrior hits the gargoyle with a +0 hand axe.
You hit something but do no damage.
The gargoyle hurls a stone arrow at you.
The stone arrow misses you. Something hits you!
* * * LOW HITPOINT WARNING * * *
Something closely misses you.
Your orc warrior hits the gargoyle with a +0 hand axe!!
The gargoyle is destroyed!
Sif Muna accepts your kill.
Your Stealth skill increases to level 4!
Your Spellcasting skill increases to level 9!
Your Poison Magic skill increases to level 3!
You hit something but do no damage. Something barely misses you.
Something closely misses you.
Casting: Searing Ray (safe; 1% risk of failure)
Confirm with . or Enter, or press ? or * to list all spells.
Aiming: Searing Ray (safe; 1% risk of failure)
Press: ? - help, Shift-Dir - straight line, f - you
Okay, then.
Something hits you!
* * * LOW HITPOINT WARNING * * *
Your orc wizard hits something but does no damage.
Okay, then.
Something hits you!!
You die...

Skill      XL: |  1  2  3  4  5  6  7  8  9 |
---------------+----------------------------+-----
Dodging        | 3 4 |  4.9
Spellcasting   | 4 5 6 7 8 9 |  9.0
Conjurations   | 5 6 7 8 |  8.3
Hexes          | 1 3 4 6 7 |  7.6
Stealth        | 3 4 |  4.1
Poison Magic   | 2 3 |  3.2
Translocations | 1 2 |  2.6

Action                   |  1- 3 |  4- 6 |  7- 9 || total
-------------------------+-------+-------+-------++-------
Melee: Unarmed           |       |     1 |       ||     1
       Dagger            |       |       |    17 ||    17
       Falchion          |       |       |     2 ||     2
       Punch             |       |       |     1 ||     1
 Cast: Magic Dart        |    78 |    97 |    90 ||   265
       Searing Ray       |     2 |    18 |    56 ||    76
       Fulminant Prism   |       |     1 |     6 ||     7
  Use: Scroll            |       |       |    17 ||    17
       Potion            |       |       |     2 ||     2
Armor: Robe              |     1 |       |       ||     1
       Animal skin       |       |     1 |       ||     1
       Leather armour    |       |       |    34 ||    34
Dodge: Dodged            |     4 |    11 |    91 ||   106

Levels and vault maps discovered:
D:1:      matt_arrival_refuge, layout_rooms
D:2:      layout_basic, shapermc_ecumenical_altar_mp_highgroup, serial_shops,
          nicolae_shop_waterfront, uniq_terence, uniq_robin, uniq_jessica
D:3:      layout_basic
D:4:      layout_basic, ebering_ghost_rock_garden, serial_shops, shop, uniq_ijyb
D:5:      layout_gridville, gammafunk_ghost_abyssal_escape, grunt_decor_junction
D:6:      layout_rooms, minmay_temple_entry_offerings
D:7:      layout_basic, enter_bailey_3, amcnicky_mini_rare_corridor_liquid
Temple:   mainiacjoe_temple_big_plus
Bailey:   bailey_polearm_vampire_castle_hellmonk, bailey

Notes
Turn   | Place    | Note
-------+----------+-------------------------------------------
     0 | D:1      | kingofthe the Deep Elf Conjurer began the quest for the
                  | Orb.
     0 | D:1      | Reached XP level 1. HP: 10/10 MP: 6/6
   195 | D:1      | Reached XP level 2. HP: 11/15 MP: 1/8
   198 | D:1      | Learned a level 2 spell: Searing Ray
   608 | D:1      | Reached skill level 3 in Dodging
   687 | D:1      | Reached XP level 3. HP: 19/19 MP: 8/10
  1144 | D:2      | Learned a level 1 spell: Apportation
  1150 | D:2      | Reached skill level 4 in Spellcasting
  1308 | D:2      | Found a faded altar of an unknown god.
  1336 | D:2      | Reached skill level 5 in Conjurations
  1434 | D:2      | Reached XP level 4. HP: 24/24 MP: 3/12
  1542 | D:2      | Learned a level 4 spell: Fulminant Prism
  1588 | D:2      | Found Teqaduwo's Magic Scroll Shop.
  1595 | D:2      | Bought a scroll of identify for 22 gold pieces
  1728 | D:2      | Noticed Robin
  1753 | D:2      | Killed Robin
  1860 | D:2      | Reached skill level 1 in Hexes
  2254 | D:2      | Noticed Jessica
  2257 | D:2      | Killed Jessica
  2258 | D:2      | Reached XP level 5. HP: 28/28 MP: 10/14
  2338 | D:3      | Reached skill level 5 in Spellcasting
  2525 | D:3      | Reached skill level 2 in Hexes
  3554 | D:4      | Found Osul's Weapon Shop.
  3557 | D:4      | Noticed a phantom
  3575 | D:4      | Killed a phantom
  3576 | D:4      | Reached skill level 3 in Stealth
  3576 | D:4      | Reached skill level 6 in Conjurations
  3576 | D:4      | Reached skill level 3 in Hexes
  3576 | D:4      | Reached XP level 6. HP: 32/32 MP: 5/16
  3709 | D:4      | Reached skill level 6 in Spellcasting
  3793 | D:4      | Noticed Ijyb
  3807 | D:4      | Killed Ijyb
  3860 | D:4      | Reached skill level 4 in Hexes
  3997 | D:4      | Found a runed translucent gate.
  3997 | D:4      | Found a runed translucent gate.
  3997 | D:4      | Found a runed translucent gate.
  3998 | D:4      | Noticed BuddhaDhamma's ghost (novice MiBe)
  4390 | D:5      | Entered Level 5 of the Dungeon
  4444 | D:5      | Found a transporter.
  4446 | D:5      | Found a transporter.
  4446 | D:5      | Found a one-way gate to the infinite horrors of the Abyss.
  4446 | D:5      | Noticed kingofthe's ghost (novice DECj)
  4447 | D:5      | Noticed a small abomination
  4510 | D:5      | Reached XP level 7. HP: 36/36 MP: 13/18
  5370 | D:6      | Reached skill level 7 in Spellcasting
  5370 | D:6      | Reached skill level 5 in Hexes
  5516 | D:6      | Reached skill level 7 in Conjurations
  5706 | D:6      | Found a staircase to the Ecumenical Temple.
  5722 | Temple   | Entered the Ecumenical Temple
  5856 | Temple   | Became a worshipper of Sif Muna the Loreminder
  6221 | D:6      | Reached skill level 6 in Hexes
  6221 | D:6      | Reached XP level 8. HP: 41/41 MP: 13/21
  6412 | D:6      | Reached skill level 8 in Spellcasting
  6538 | D:6      | Reached skill level 7 in Hexes
  6744 | D:6      | Learned a level 2 spell: Poisonous Vapours
  6840 | D:7      | Reached * piety under Sif Muna
  6849 | D:7      | Reached skill level 8 in Conjurations
  6849 | D:7      | Reached skill level 1 in Poison Magic
  7027 | D:7      | Found a flagged portal.
  7048 | Bailey   | Entered a bailey
  7176 | Bailey   | Got the Folio of the Traveller and Unholy Deeds
  7180 | Bailey   | Learned a level 2 spell: Blink
  7348 | Bailey   | Noticed a gargoyle
  7374 | Bailey   | Reached skill level 1 in Translocations
  7377 | Bailey   | Reached skill level 4 in Dodging
  7377 | Bailey   | Reached skill level 2 in Poison Magic
  7490 | Bailey   | Reached XP level 9. HP: 36/45 MP: 14/23
  7548 | Bailey   | Reached ** piety under Sif Muna
  7590 | Bailey   | Reached skill level 2 in Translocations
  7937 | Bailey   | Killed a gargoyle
  7938 | Bailey   | Reached skill level 4 in Stealth
  7938 | Bailey   | Reached skill level 9 in Spellcasting
  7938 | Bailey   | Reached skill level 3 in Poison Magic
  7940 | Bailey   | Slain by a vampire

Vanquished Creatures
  An ice beast (D:6)
  2 black bears (D:6)
  2 phantoms
  A kobold brigand (D:7)
  3 bullfrogs
  2 scorpions
  7 vampire bats (Bailey)
  2 howler monkeys
  6 wolf zombies (Bailey)
  3 hounds
  2 jellies
  An orc priest (D:7)
  Ijyb (D:4)
  Jessica (D:2)
  4 orc wizards
  An iguana (D:6)
  Robin (D:2)
  4 gnolls (D:3)
  12 adders
  A shadow imp (D:6)
  2 worms (D:2)
  A dart slug (D:1)
  35 orcs
  5 bats
  8 endoplasms
  20 goblins
  8 hobgoblins
  2 jackals (D:1)
  14 kobolds
  6 quokkas
  7 ball pythons
  2 frilled lizards
  23 orc zombies (Bailey)
  5 rats
195 creatures vanquished.

Vanquished Creatures (collateral kills)
  A gargoyle (Bailey)
1 creature vanquished.

Vanquished Creatures (others)
  7 fulminant prisms
7 creatures vanquished.

Grand Total: 203 creatures vanquished

Table legend: (Time is in decaauts)
 A = Elapsed time spent in this place.
 B = Non-inter-level travel time spent in this place.
 C = Inter-level travel time spent in this place.
 D = Time resting spent in this place.
 E = Time spent auto-exploring this place.
 F = Levels seen in this place.
 G = Mean time per level.
                   A        B        C        D        E       F      G
               +--------+--------+--------+--------+--------+-----+--------+
         Total |   7937 |   7724 |    213 |    771 |   5663 |   9 |  881.9 |
       Dungeon |   6610 |   6422 |    188 |    583 |   4845 |   7 |  944.3 |
        Temple |    435 |    410 |     25 |      0 |    392 |   1 |  435.0 |
        Bailey |    891 |    891 |      0 |    188 |    426 |   1 |  891.0 |
               +--------+--------+--------+--------+--------+-----+--------+

Top non-repeatable levels by time:
     D:2: 1328 daAuts
     D:3: 1142 daAuts
     D:5: 1036 daAuts
     D:1: 1005 daAuts
     D:6: 913 daAuts
     D:4: 911 daAuts
  Bailey: 891 daAuts
  Temple: 435 daAuts
     D:7: 272 daAuts

Table legend:
 A = Non-vault XP
 B = Vault XP
 C = Vault XP percentage of total XP
 D = Non-vault monster count
 E = Vault monster count
 F = Vault count percentage of total count
                 A         B        C        D         E       F
            +---------+---------+-------+---------+---------+-------
      Total |    2135 |    1379 |  39.2 |     143 |      53 |  27.0
            +---------+---------+-------+---------+---------+-------
        D:1 |      46 |       0 |   0.0 |      27 |       0 |   0.0
        D:2 |      93 |      69 |  42.6 |      23 |      11 |  32.4
        D:3 |     137 |       0 |   0.0 |      18 |       0 |   0.0
        D:4 |     326 |      39 |  10.7 |      16 |       1 |   5.9
        D:5 |     226 |       0 |   0.0 |      14 |       0 |   0.0
        D:6 |    1037 |       0 |   0.0 |      29 |       0 |   0.0
        D:7 |     270 |       7 |   2.5 |      16 |       4 |  20.0
     Bailey |       0 |    1264 | 100.0 |       0 |      37 | 100.0
            +---------+---------+-------+---------+---------+-------
